 Seeded DCSS version 0.30.1-11-g7821555f0a (webtiles) character file.

Game seed: 5129858224507802926 (custom seed)

14 Psyclone the Conjurer (level 2, 22/22 HPs)
             Began as a Draconian Conjurer on Nov 13, 2023.
             Quit the game on level 2 of the Dungeon.
             The game lasted 00:01:21 (1118 turns).

Psyclone the Conjurer (Draconian Conjurer)          Turns: 1118, Time: 00:01:21

Health: 22/22      AC:  4    Str:  9    XL:     2   Next: 27%
Magic:  4/5        EV: 12    Int: 18    God:
Gold:   38         SH:  0    Dex:  9    Spells: 4/5 levels left

rFire   + . .        (no weapon)
rCold   . . .        (no shield)
rNeg    . . .        (body armour unavailable)
rPois   .            (helmet restricted)
rElec   .            (no cloak)
rCorr   .            (no gloves)
SInv    .            (no boots)
Will    .....        (no amulet)
Stlth   ++           (no ring)
HPRegen 0.23/turn    (no ring)
MPRegen 0.09/turn

%: no passive effects
@: no status effects
A: AC +4, unfitting armour, cold-blooded, beak, fire resistance 1, robust 1,
noise suppression
a: no special abilities


You were on level 2 of the Dungeon.
You visited 1 branch of the dungeon, and saw 2 of its levels.

You collected 38 gold pieces.

Inventory:

Scrolls
 d - a scroll of amnesia {unknown}
 e - a scroll of identify {unknown}
 f - a scroll of magic mapping {unknown}
Potions
 a - a potion of magic
 b - a potion of might {unknown}
 c - a potion of mutation


   Skills:
 - Level 1.7 Dodging
 - Level 1.7 Stealth
 + Level 2.2 Spellcasting
 * Level 4.4 Conjurations


You had 4 spell levels left.
You knew the following spells:

 Your Spells              Type           Power      Damage    Failure   Level
a - Magic Dart            Conj           72%        1d6       2%          1

Your spell library contained the following spells:

 Spells                   Type           Power      Damage    Failure   Level
 Searing Ray              Conj           36%        2d5       4%          2
 Dazzling Flash           Conj/Hex       20%        N/A       22%         3
 Fulminant Prism          Conj/Hex       5%         3d7       56%         4
 Iskenderun's Mystic Bla  Conj/Tloc      10%        2d4       56%         4


Dungeon Overview and Level Annotations

Branches:
Dungeon (2/15) Zot: 10882

Altars:

Shops:
D:2 =![


Innate Abilities, Weirdness & Mutations

Your plain brown scales are hard. (AC +4)
You cannot fit into any form of body armour.
You are cold-blooded and may be slowed by cold attacks.
You have a beak for a mouth.
Your flesh is heat resistant. (rF+)
You are robust. (+10% HP)
You passively dampen the noise of your surroundings.


Message History

Unknown command.
Casting: Magic Dart (safe; 3% risk of failure)
Confirm with . or Enter, or press ? or * to list all spells.
You can't see any susceptible monsters within range! (Use Z to cast anyway.) Unknown command.
f - a scroll labelled LYLAULOACA
There is an entrance to Xoolosaxt's Antique Armour Shop here.
Found 8 stones.
A ball python comes into view.
The ball python hisses angrily.
A ball python is nearby!
Unknown command.
Casting: Magic Dart (safe; 3% risk of failure)
Confirm with . or Enter, or press ? or * to list all spells.
Aiming: Magic Dart (safe; 3% risk of failure)
Press: ? - help, Shift-Dir - straight line, f - ball python
Aim: a ball python (100% to hit)
The magic dart hits the ball python.
You kill the ball python!
Casting: Magic Dart (safe; 2% risk of failure)
Confirm with . or Enter, or press ? or * to list all spells.
You can't see any susceptible monsters within range! (Use Z to cast anyway.)
You now have 4/5 mp.
Unknown command.
Casting: Magic Dart (safe; 2% risk of failure)
Confirm with . or Enter, or press ? or * to list all spells.
You can't see any susceptible monsters within range! (Use Z to cast anyway.) Unknown command.
Casting: Magic Dart (safe; 2% risk of failure)
Confirm with . or Enter, or press ? or * to list all spells.
You can't see any susceptible monsters within range! (Use Z to cast anyway.) Unknown command.
Casting: Magic Dart (safe; 2% risk of failure)
Confirm with . or Enter, or press ? or * to list all spells.
You can't see any susceptible monsters within range! (Use Z to cast anyway.)
There is an entrance to Xoolosaxt's Antique Armour Shop here.
You can access your shopping list by pressing '$'.
Unknown command.
Unknown command.
Are you sure you want to abandon this character and quit the game? (Confirm with "yes".)

#....####.............#..# #
#....'...........######..#.#
#....##########..#.........#
#.......# #.....####..#####
#.....#.# ##)#.......$.(....
###.#.#.# #..#...###...#####
#.#.#.# #........+...+
#.#.#.# #.[....###...#
#.#...# #..@....######
#.##..# #.[.[.#.# #.#...#
#.....#..# #.#...#
##....##.# #.#..#######.#...
.. ####............######.#
................
#####...........
#...........


There were no monsters in sight!

Vanquished Creatures
  A dart slug (D:2)
  A bat (D:2)
  An endoplasm (D:2)
  2 goblins (D:2)
  2 hobgoblins (D:2)
  2 ball pythons (D:2)
  A kobold (D:2)
  A rat (D:1)
11 creatures vanquished.

Notes
Turn   | Place    | Note
-------+----------+-------------------------------------------
     0 | D:1      | Psyclone the Draconian Conjurer began the quest for the
                  | Orb.
     0 | D:1      | Reached XP level 1. HP: 14/14 MP: 3/3
   100 | D:2      | Gained mutation: Your flesh is heat resistant. (rF+)
                  | [potion of mutation]
   100 | D:2      | Gained mutation: You are robust. (+10% HP) [potion of
                  | mutation]
   100 | D:2      | Gained mutation: You have a beak for a mouth. [potion of
                  | mutation]
   100 | D:2      | Gained mutation: You passively dampen the noise of your
                  | surroundings. [potion of mutation]
   149 | D:2      | Found Zutuxkoi's Jewellery Shop.
   896 | D:2      | Reached XP level 2. HP: 22/22 MP: 3/5
   951 | D:2      | Found Tatheism's Distillery.
  1095 | D:2      | Found Xoolosaxt's Antique Armour Shop.
  1118 | D:2      | Quit the game

Illustrated notes

Levels and vault maps discovered:
D:1:      saegor_arrival_simple_c, layout_rooms, serial_shops, shop,
          kennysheep_nondescript, minmay_misc_feat_ornament
D:2:      layout_basic, serial_shops, nicolae_shop_tiny_statue_garden,
          nicolae_shop_scrapyard, shop, shop

Action                     || total
---------------------------++-------
   Cast: Magic Dart        ||    18
    Use: Potion            ||     1
 Armour: Skin              ||    28
  Dodge: Dodged            ||    47
